 Dungeon Crawl Stone Soup version 0.25-a0-578-gc91f01c39c (webtiles) character file.

Game seed: 10298997387550723490, levelgen mode: deterministic

168 Flugslaktarn the Chopper (level 5, -3/49 HPs)
             Began as a Deep Dwarf Fighter on Mar 3, 2020.
             Slain by an ogre
             ... wielding a +0 giant club
              (21 damage)
             ... on level 4 of the Dungeon.
             The game lasted 00:00:28 (295 turns).

Flugslaktarn the Chopper (Deep Dwarf Fighter)        Turns: 295, Time: 00:00:29

Health: -3/49      AC:  8    Str: 20    XL:     5   Next: 24%
Magic:  5/5        EV:  7    Int:  9    God:
Gold:   15         SH:  9    Dex: 12    Spells: 4/4 levels left

rFire    . . .     SeeInvis .   a - +0 war axe
rCold    . . .     Gourm    .   c - +0 kite shield
rNeg     . . .     Faith    .   b - +0 scale mail
rPois    .         Spirit   .   j - +0 helmet
rElec    .         Reflect  .   (no cloak)
rCorr    .         Harm     .   (no gloves)
MR       .....                  (no boots)
Stlth    ..........             (no amulet)
HPRegen  0.00/turn              (no ring)
MPRegen  0.09/turn              (no ring)

@: non-regenerating
A: damage resistance, heal wounds, sense surroundings 1, no regeneration
a: Heal Wounds


You were on level 4 of the Dungeon.
You were not hungry.

You visited 1 branch of the dungeon, and saw 4 of its levels.

You collected 15 gold pieces.

Inventory:

Hand Weapons
 a - a +0 war axe (weapon)
Armour
 b - a +0 scale mail (worn)
 c - a +0 kite shield (worn)
 j - a +0 helmet (worn)
   (You took it off Robin on level 4 of the Dungeon)
Wands
 l - a wand of iceblast (10)
   (You found it on level 4 of the Dungeon)
Scrolls
 g - a scroll of blinking {unknown}
 h - a scroll of random uselessness {unknown}
 i - a scroll of fog {unknown}
 k - a scroll of identify {unknown}
Potions
 d - a potion of might
Comestibles
 e - a ration
 f - 19 chunks of flesh


   Skills:
 + Level 3.4 Fighting
 * Level 4.2 Axes
 + Level 4.1 Armour
 + Level 4.1 Shields


You had 4 spell levels left.
You didn't know any spells.
Your spell library was empty.

Dungeon Overview and Level Annotations

Branches:
Dungeon (4/15)
 Temple: D:4-7

Altars:
Dithmenos

Annotations:
D:4 Menkaure


Innate Abilities, Weirdness & Mutations

You are resistant to damage.
You can heal yourself by infusing magical energy.
You passively map a small area around you.
You do not regenerate.


Message History

You kill the orc!
You block the ogre's attack.
You slash the ogre!
The ogre is severely wounded.
The ogre hits you with a +0 giant club!!
* * * LOW HITPOINT WARNING * * *
The gnoll hits you from afar with a +0 halberd.
You are too injured to fight recklessly!
You are too injured to fight recklessly!
You are too injured to fight recklessly!
You are too injured to fight recklessly!
You are too injured to fight recklessly!
You are too injured to fight recklessly!
You feel much better. You block the gnoll's attack.
You barely miss the ogre.
The ogre is severely wounded.
The ogre hits you with a +0 giant club!
The gnoll hits you from afar with a +0 halberd.
The ogre hits you with a +0 giant club!!
You die...

#.# #.# #.# * #.# * .# ,
#.# * *# .# ..# #. .# ###*
** #.########.#
#.#..........###### *
#........@.#......# ,
#############...#O#....#.#
................'ogg......
,
##.......####...#o#......#
#.......# #...#.#.§§..##
#.......# #...#.#.§§§...*
#.......# #####.#.#§).#.
#.......# #.#.#..##
#.......# * * #.#.# ##* ,


You could see an ogre, 2 gnolls and 2 orcs.

Vanquished Creatures
  An ogre (D:2)
  An orc priest (D:4)
  Robin (D:4)
  A gnoll (D:4)
  An ooze (D:2)
  A worm (D:4)
  A leopard gecko (D:1)
  4 orcs (D:4)
  2 bats
  10 goblins
  A hobgoblin (D:4)
  A frilled lizard (D:3)
  A jackal skeleton (D:4)
  A rat (D:1)
27 creatures vanquished.

Notes
Turn   | Place    | Note
-------+----------+-------------------------------------------
     0 | D:1      | Flugslaktarn the Deep Dwarf Fighter began the quest for the
                  | Orb.
     0 | D:1      | Reached XP level 1. HP: 20/20 MP: 1/1
    95 | D:2      | Noticed an ogre
   104 | D:2      | Killed an ogre
   104 | D:2      | Reached XP level 2. HP: 16/28 MP: 2/2
   104 | D:2      | Reached XP level 3. HP: 20/34 MP: 3/3
   104 | D:2      | Reached XP level 4. HP: 25/42 MP: 4/4
   190 | D:4      | Noticed Robin
   199 | D:4      | Killed Robin
   199 | D:4      | Reached XP level 5. HP: 20/49 MP: 5/5
   282 | D:4      | Found a shadowy altar of Dithmenos.
   282 | D:4      | Noticed an ogre
   282 | D:4      | Noticed Menkaure
   289 | D:4      | HP: 1/49 [gnoll/+0 spear (2)]
   295 | D:4      | Slain by an ogre

Levels and vault maps discovered:
D:1:      dpeg_arrival_short_road, layout_loops_ring, minmay_tree_intersection
D:2:      layout_loops_cross, regret_index_temple_of_mockery,
          nicolae_overflow_hidden_temple, uniq_natasha, uniq_jessica
D:3:      layout_loops_cross
D:4:      layout_basic, grunt_dithmenos_smoke, marbit_many_paths, serial_shops,
          shop, uniq_sigmund, uniq_robin, uniq_menkaure, uniq_eustachio

Skill      XL: |  1  2  3  4 |
---------------+-------------+-----
Fighting       | 3 |  3.4
Axes           | 3 4 |  4.2
Armour         | 4 |  4.1
Shields        | 4 |  4.1

Action                   |  1- 3 |  4- 6 || total
-------------------------+-------+-------++-------
Melee: War axe           |    20 |    64 ||    84
 Abil: Heal Wounds       |       |     4 ||     4
Armor: Scale mail        |    12 |    20 ||    32
Dodge: Dodged            |     7 |    21 ||    28
Block: Kite shield       |    12 |    32 ||    44

Table legend:
 A = Non-vault XP
 B = Vault XP
 C = Vault XP percentage of total XP
 D = Non-vault monster count
 E = Vault monster count
 F = Vault count percentage of total count
                 A         B        C        D         E       F
            +---------+---------+-------+---------+---------+-------
      Total |     208 |      33 |  13.7 |      16 |      11 |  40.7
            +---------+---------+-------+---------+---------+-------
        D:1 |       8 |       0 |   0.0 |       4 |       0 |   0.0
        D:2 |     126 |       0 |   0.0 |       3 |       0 |   0.0
        D:3 |       1 |       0 |   0.0 |       1 |       0 |   0.0
        D:4 |      73 |      33 |  31.1 |       8 |      11 |  57.9
            +---------+---------+-------+---------+---------+-------
